 Dungeon Crawl Stone Soup version 0.28.0-43-g3370ac3207 (webtiles) character file.

Game seed: 1507371367687056703

3458 pkoi the Magician (level 9, 0/62 HPs)
             Began as a Demigod Ice Elementalist on Mar 31, 2022.
             Slain by a wyvern zombie (5 damage)
             ... on level 8 of the Dungeon.
             The game lasted 00:35:51 (12029 turns).

pkoi the Magician (Demigod Ice Elementalist)       Turns: 12029, Time: 00:35:52

Health: 0/62       AC:  5    Str:  9    XL:     9   Next: 49%
Magic:  14/24      EV: 12    Int: 35    God:
Gold:   401        SH:  0    Dex: 14    Spells: 8/23 levels left

rFire   . . .      SeeInvis .   D - +1 quarterstaff (spect)
rCold   . . .      Faith    .   (shield currently unavailable)
rNeg    . . .      Spirit   .   a - +1 robe
rPois   +          Reflect  .   (no helmet)
rElec   .          Harm     .   s - +1 cloak
rCorr   .          Rampage  .   (no gloves)
Will    .....                   (no boots)
Stlth   ++........              (no amulet)
HPRegen 0.20/turn               m - +6 ring of intelligence
MPRegen 0.19/turn               j - ring of poison resistance

@: marked
A: high MP 1, forlorn, divine attributes
a: no special abilities


You were on level 8 of the Dungeon.
You visited 1 branch of the dungeon, and saw 8 of its levels.
You also visited: Bailey.

You collected 401 gold pieces.

Inventory:

Hand Weapons
 c - a +0 club
 g - a +0 dagger of flaming
 i - a +1 dagger of venom
 k - a +3 dagger of holy wrath
 x - the +2 dagger of Kidghi {protect, Will+}
   (You found it on level 6 of the Dungeon)

   It grants its wielder temporary protection when it strikes (+7 to AC).
   Will:      It increases your willpower.
 D - a +1 spectral quarterstaff (weapon)
Missiles
 B - 16 boomerangs
Armour
 a - a +1 robe (worn)
 s - a +1 cloak (worn)
Magical Staves
 r - a staff of air
 z - a staff of cold
Jewellery
 j - a ring of poison resistance (right hand)
 m - a +6 ring of intelligence (left hand)
 o - a ring of wizardry
Wands
 t - a wand of flame (28)
Scrolls
 e - 3 scrolls of identify
 f - 2 scrolls of fog
 h - 2 scrolls of fear
 q - a scroll of magic mapping
 w - a scroll of amnesia
 y - 2 scrolls of enchant weapon
 A - a scroll of teleportation
 C - a scroll of acquirement
Potions
 b - a potion of heal wounds
 d - a potion of invisibility
 l - a potion of resistance
 n - a potion of might
 p - a potion of berserk rage
 u - a potion of curing
 v - 2 potions of magic


   Skills:
 - Level 1.7 Dodging
 - Level 1.7 Stealth
 * Level 7.6 Spellcasting
 + Level 5.5 Conjurations
 - Level 3.0 Translocations
 - Level 6.0 Ice Magic
 + Level 5.5 Air Magic


You had 8 spell levels left.
You knew the following spells:

 Your Spells              Type           Power      Damage    Failure   Level
a - Freeze                Ice            100%       1d11      1%          1
b - Frozen Ramparts       Ice            100%       1d12      1%          3
c - Shock                 Conj/Air       100%       1d9       1%          1
d - Swiftness             Air            51%        N/A       1%          3
e - Apportation           Tloc           68%        N/A       1%          1
f - Airstrike             Air            25%        N/A       3%          4
g - Blink                 Tloc           68%        N/A       1%          2

Your spell library contained the following spells:

 Spells                   Type           Power      Damage    Failure   Level
 Ozocubu's Armour         Ice            53%        N/A       1%          3
 Animate Skeleton         Necr           26%        N/A       3%          1
 Hailstorm                Conj/Ice       52%        3d12      3%          4
 Portal Projectile        Hex/Tloc       46%        N/A       5%          3
 Call Canine Familiar     Summ           13%        N/A       10%         3
 Manifold Assault         Tloc           34%        N/A       26%         5
 Anguish                  Hex/Necr       6%         N/A       32%         4
 Leda's Liquefaction      Hex/Erth       6%         N/A       32%         4
 Agony                    Necr           13%        N/A       65%         5
 Alistair's Intoxication  Tmut/Pois      8%         N/A       65%         5
 Storm Form               Tmut/Air       16%        N/A       100%        7
 Disjunction              Tloc           17%        N/A       100%        8


Dungeon Overview and Level Annotations

Branches:
Dungeon (8/15)             Temple (0/1) D:5          Bailey (visited)
   Lair: D:8-11

Shops:
D:3 (


Innate Abilities, Weirdness & Mutations

You have an increased reservoir of magic. (+10% MP)
You shall have no god before yourself.
Your divine heritage dramatically boosts your attributes as you level up.


Message History

The howler monkey zombie hits you but does no damage.
The wyvern zombie bites you!
* * * LOW HITPOINT WARNING * * *
You feel much better. The wyvern zombie bites you.
* * * LOW HITPOINT WARNING * * *
The howler monkey zombie hits you but does no damage.
You hit the howler monkey zombie.
The howler monkey zombie is severely damaged.
Your +1 spectral quarterstaff hits the howler monkey zombie!!
You destroy the howler monkey zombie!
The wyvern zombie bites you.
* * * LOW HITPOINT WARNING * * *
The wyvern zombie bites you!
* * * LOW HITPOINT WARNING * * *
Unknown command.
You hit the wyvern zombie but do no damage.
Your +1 spectral quarterstaff hits the wyvern zombie!
The wyvern zombie bites you.
* * * LOW HITPOINT WARNING * * *
The wyvern zombie closely misses you.
Unknown command.
You hit the wyvern zombie.
The wyvern zombie is moderately damaged.
Your +1 spectral quarterstaff barely misses the wyvern zombie.
The wyvern zombie bites you but does no damage.
The wyvern zombie barely misses you.
Unknown command.
You sock the wyvern zombie!
The wyvern zombie is heavily damaged.
Your +1 spectral quarterstaff hits the wyvern zombie!
The wyvern zombie bites your +1 spectral quarterstaff!
Your spectral weapon shares its damage with you!
* * * LOW HITPOINT WARNING * * *
Unknown command.
You catch the helpless wyvern zombie completely off-guard!
You hit the wyvern zombie.
The wyvern zombie is almost destroyed.
Your +1 spectral quarterstaff closely misses the wyvern zombie.
The wyvern zombie bites you.
You die...

<..)....5### *.....,,,,,*,,,,,,*,
...........###..........#*....###
#.........###..##.......###......
...........#...##.......#......(.
#..............##.......##.......
#.........)...###..........$.....
.........)∩)..###.......##.......
..........)...)Z(..............)#
................@.............)).
##.......#..))####.............#)
........####).#* ###.###......##.
.........#*##..#**#..#*#......##)
.....##.##,,.o..#.....*##.....)).
.....##.#*,,#........####.....###
.....##.#,,*###...#...........# #
...#.#,..,,,,**...#.##........###
,,,*,,,,,,,,,*,,,,,,#......#..##.


You could see a wyvern zombie and a friendly +1 spectral quarterstaff
(summoned).

Vanquished Creatures
  An orc knight (Bailey)
  2 water moccasins
  Duvessa (D:4)
  3 sky beasts
  4 orc warriors
  A necrophage (D:6)
  A centaur (D:6)
  2 ogres
  A phantom (D:6)
  2 bullfrogs
  2 scorpions
  2 gnoll sergeants
  A water moccasin zombie (D:6)
  Dowan (D:4)
  5 centaur zombies
  3 centaur skeletons (D:6)
  2 bullfrog zombies (D:6)
  3 hounds
  2 jellies
  A gnoll shaman (D:5)
  2 orc priests (D:8)
  5 iguanas
  3 orc wizards
  2 killer bee zombies (D:6)
  A hound zombie (D:5)
  2 howler monkey zombies
  18 gnolls
  7 adders
  A shadow imp (D:6)
  A white imp (D:8)
  3 worms
  23 orcs
  6 endoplasms
  2 giant cockroaches
  10 goblins
  4 hobgoblins
  15 jackals (D:3)
  2 quokkas
  5 ball pythons
  6 bats
  5 frilled lizards
  14 kobolds
  3 rats
180 creatures vanquished.

Vanquished Creatures (others)
  5 toadstools (D:7)
  3 withered plants (D:6)
8 creatures vanquished.

Grand Total: 188 creatures vanquished

Notes
Turn   | Place    | Note
-------+----------+-------------------------------------------
     0 | D:1      | pkoi the Demigod Ice Elementalist began the quest for the
                  | Orb.
     0 | D:1      | Reached XP level 1. HP: 14/14 MP: 5/5
   856 | D:1      | Reached XP level 2. HP: 10/20 MP: 5/7
  1531 | D:2      | Reached XP level 3. HP: 19/26 MP: 2/8
  1620 | D:2      | Learned a level 3 spell: Frozen Ramparts
  1629 | D:2      | Learned a level 1 spell: Shock
  2439 | D:1      | Reached skill level 2 in Spellcasting
  2603 | D:2      | Reached XP level 4. HP: 33/33 MP: 0/9
  3234 | D:3      | Found Uchu's Weapon Shoppe.
  3467 | D:3      | Reached skill level 1 in Conjurations
  3467 | D:3      | Reached skill level 5 in Ice Magic
  3467 | D:3      | Reached skill level 1 in Air Magic
  3467 | D:3      | Reached XP level 5. HP: 38/38 MP: 7/11
  3502 | D:3      | Learned a level 3 spell: Swiftness
  3683 | D:3      | Learned a level 1 spell: Apportation
  4932 | D:4      | Noticed Dowan
  4934 | D:4      | Noticed Duvessa
  4941 | D:4      | Killed Duvessa
  4942 | D:4      | Reached skill level 3 in Spellcasting
  4942 | D:4      | Reached skill level 1 in Translocations
  4942 | D:4      | Reached XP level 6. HP: 23/45 MP: 5/13
  4944 | D:4      | Killed Dowan
  6429 | D:4      | Noticed a water moccasin
  6438 | D:4      | Killed a water moccasin
  6535 | D:5      | Entered Level 5 of the Dungeon
  6541 | D:5      | Reached skill level 4 in Spellcasting
  6541 | D:5      | Reached XP level 7. HP: 28/50 MP: 9/16
  6734 | D:5      | Learned a level 4 spell: Airstrike
  7621 | D:5      | Found a staircase to the Ecumenical Temple.
  7892 | D:5      | Reached XP level 8. HP: 47/57 MP: 10/18
  8377 | D:6      | Reached skill level 5 in Spellcasting
  9222 | D:6      | Reached skill level 6 in Spellcasting
  9354 | D:6      | Identified the +2 dagger of Kidghi {protect, Will+}
  9897 | D:6      | Learned a level 2 spell: Blink
  9907 | D:6      | Reached XP level 9. HP: 53/62 MP: 16/22
 10295 | D:7      | Noticed a boulder beetle
 10564 | D:8      | Found a flagged portal.
 10578 | Bailey   | Entered a bailey
 10584 | Bailey   | Noticed an orc warlord
 10717 | Bailey   | Noticed an orc knight
 10758 | Bailey   | Killed an orc knight
 10759 | Bailey   | Reached skill level 7 in Spellcasting
 10759 | Bailey   | Reached skill level 5 in Conjurations
 10759 | Bailey   | Reached skill level 5 in Air Magic
 10983 | Bailey   | Found a runed translucent gate.
 10985 | Bailey   | Found a runed translucent gate.
 10986 | Bailey   | Found a runed translucent gate.
 11723 | Bailey   | Got the Collected Works on Dislocated Evil Magic
 12029 | D:8      | Slain by a wyvern zombie

Illustrated notes

Levels and vault maps discovered:
D:1:      nicolae_arrival_memento_mori, layout_basic, basic_ecumenical_altar,
          minivault_14
D:2:      layout_basic
D:3:      layout_loops_corners, serial_shops, nicolae_shop_bloodbath_and_beyond
D:4:      layout_basic, nicolae_sif_muna_condensation, uniq_duvessa
D:5:      layout_basic, minmay_temple_entry_overgrown
D:6:      layout_loops_ring, serial_undead, serial_undead_f, serial_undead_d,
          serial_undead_d, serial_undead_b, serial_undead_a
D:7:      cheibrodos_fertilizer, layout_cave_pods
D:8:      layout_cave_pools, enter_bailey_2, serial_shops, kennysheep_mini

Skill      XL: |  1  2  3  4  5  6  7  8  9 |
---------------+----------------------------+-----
Ice Magic      | 4 5 6 |  6.0
Spellcasting   | 2 3 4 6 7 |  7.6
Conjurations   | 1 2 3 4 5 |  5.5
Air Magic      | 1 2 3 4 5 |  5.5
Translocations | 1 2 3 |  3.0
Dodging        | |  1.7
Stealth        | |  1.7

Action                   |  1- 3 |  4- 6 |  7- 9 || total
-------------------------+-------+-------+-------++-------
Melee: Club              |     2 |       |       ||     2
       Dagger            |    16 |    34 |    38 ||    88
       Staff             |       |       |     8 ||     8
       Quarterstaff      |       |       |    13 ||    13
 Cast: Freeze            |    44 |       |    14 ||    58
       Shock             |    36 |    79 |   123 ||   238
       Frozen Ramparts   |     1 |    17 |    38 ||    56
       Airstrike         |       |       |     6 ||     6
       Blink             |       |       |     2 ||     2
       Swiftness         |       |       |     2 ||     2
  Use: Scroll            |     1 |     4 |    11 ||    16
       Potion            |       |       |     5 ||     5
 Stab: Sleeping          |     1 |     2 |       ||     3
       Distracted        |       |       |     2 ||     2
Armor: Robe              |     9 |     7 |    51 ||    67
Dodge: Dodged            |    39 |    26 |   116 ||   181
